 Dungeon Crawl Stone Soup version 0.31-a0-1603-gbec6b6ccbf (webtiles) character file.

Game seed: 17516425256318811386

19875 jasper the Thaumaturge (level 12, -12/68 HPs)
             Began as a Deep Elf Hedge Wizard on Jan 7, 2024.
             Was an Elder of Vehumet.
             Mangled by a death yak (24 damage)
             ... on level 2 of the Lair of Beasts.
             The game lasted 00:29:23 (15394 turns).

jasper the Thaumaturge (Deep Elf Hedge Wizard)     Turns: 15394, Time: 00:29:24

Health: -12/68     AC:  6    Str:  7    XL:     12   Next: 40%
Magic:  7/30       EV: 11    Int: 28    God:    Vehumet [****..]
Gold:   1680       SH:  9    Dex: 14    Spells: 12/35 levels left

rFire   + . .        M - staff of fire
rCold   . . .        I - +0 kite shield
rNeg    . . .        f - +0 robe of Bocianid {^Drain Int+3 Archmagi}
rPois   +            s - +1 helmet
rElec   .            g - +0 cloak
rCorr   .            y - +0 pair of gloves
SInv    .            (no boots)
Will    +....        (no amulet)
Stlth   ++           S - ring of poison resistance
HPRegen 0.31/turn    q - ring of wizardry
MPRegen 0.22/turn

%: wizardry (x1), archmagi
@: about to teleport
A: no striking features
a: Renounce Religion


You were on level 2 of the Lair of Beasts.
You worshipped Vehumet.
Vehumet was greatly pleased with you.
You visited 2 branches of the dungeon, and saw 13 of its levels.

You collected 1831 gold pieces.
You spent 151 gold pieces at shops.

Inventory:

Hand Weapons
 a - a +0 dagger
 d - a +5 trident
 e - a +0 short sword
 j - a +3 dagger of draining
 k - a +0 quarterstaff
 A - a +3 whip
Missiles
 n - 6 javelins
 E - 5 curare-tipped darts
 O - 2 throwing nets
Armour
 b - a +0 robe
 c - a +0 hat
 f - the +0 robe of Bocianid (worn) {^Drain Int+3 Archmagi}
   (You found it on level 2 of the Dungeon)

   Int+3:     It affects your intelligence (+3).
   ^Drain:    It drains your maximum health when unequipped.
   Archmagi:  It increases the power of your magical spells.
 g - a +0 cloak (worn)
 h - a +0 leather armour
 p - an orb of wrath
 s - a +1 helmet (worn)
 y - a +0 pair of gloves (worn)
 I - a +0 kite shield (worn)
Magical Staves
 m - a staff of death
 M - a staff of fire (weapon)
Jewellery
 q - a ring of wizardry (right hand)
 v - a ring of willpower
 S - a ring of poison resistance (left hand)
 T - a ring of willpower
Wands
 C - a wand of polymorph (9)
 D - a wand of flame (31)
 K - a wand of iceblast (7)
 R - a wand of quicksilver (2)
Scrolls
 i - 3 scrolls of enchant weapon
 t - 3 scrolls of immolation
 u - 5 scrolls of teleportation
 w - 3 scrolls of poison
 N - a scroll of blinking
 P - a scroll of fear
 Q - 2 scrolls of vulnerability
 V - a scroll of fog
Potions
 l - a potion of invisibility
 o - 10 potions of curing
 r - a potion of lignification
 x - a potion of cancellation
 z - a potion of enlightenment
 B - 3 potions of attraction {unknown}
 F - 3 potions of ambrosia
 G - 7 potions of heal wounds {unknown}
 H - a potion of mutation {unknown}
 J - a potion of haste
 L - a potion of magic
 U - 3 potions of berserk rage {unknown}


   Skills:
 - Level 5.0 Fighting
 - Level 12.0 Staves
 - Level 5.0 Dodging
 - Level 2.4 Stealth
 + Level 5.0 Shields
 - Level 12.0 Spellcasting
 - Level 8.0 Conjurations
 - Level 2.0 Summonings
 - Level 2.0 Translocations
 - Level 6.8 Fire Magic
 - Level 2.0 Air Magic
 - Level 2.0 Alchemy
 - Level 5.0 Evocations


You had 12 spell levels left.
You knew the following spells:

 Your Spells              Type           Power      Damage    Failure   Level
b - Blink                 Tloc           84%        N/A       4%          2
c - Call Imp              Summ           84%        N/A       4%          2
d - Cigotuvi's Dreadful   Necr/Alch/Air  72%        N/A       7%          2
e - Mephitic Cloud        Conj/Alch/Air  56%        N/A       1%          3
f - Inner Flame           Hex/Fire       69%        N/A       1%          3
g - Flame Wave            Conj/Fire      92%        2d19      1%          4
h - Ignite Poison         Fire/Alch      76%        N/A       3%          4
j - Stone Arrow           Conj/Erth      100%       3d13      1%          3

Your spell library contained the following spells:

 Spells                   Type           Power      Damage    Failure   Level
 Brom's Barrelling Bould  Conj/Erth      56%        2d7       4%          4
 Magic Dart               Conj           100%       1d8       1%          1
 Scorch                   Fire           100%       2d9       1%          2
 Sticky Flame             Fire/Alch      76%        2d12      3%          4
 Lesser Beckoning         Tloc           84%        N/A       4%          2
 Slow                     Hex            100%       N/A       8%          1
 Gell's Gravitas          Tloc           42%        N/A       10%         3
 Teleport Other           Tloc           42%        N/A       10%         3
 Ensorcelled Hibernation  Hex/Ice        50%        N/A       12%         2
 Fugue of the Fallen      Necr           25%        N/A       22%         3
 Ozocubu's Armour         Ice            25%        N/A       22%         3
 Manifold Assault         Tloc           42%        N/A       32%         4
 Anguish                  Hex/Necr       12%        N/A       56%         4
 Summon Cactus Giant      Summ           21%        N/A       99%         6
 Ignition                 Fire           44%        3d13      99%         8


Dungeon Overview and Level Annotations

Branches:
Dungeon (11/15)            Temple (0/1) D:4            Lair (2/5) D:10
    Orc (0/2) D:10
  Swamp: Lair:2-3    Shoals: Lair:2-3     Snake: Lair:2-3    Spider: Lair:2-3

Altars:
Ashenzari
Cheibriados
Fedhas
Hepliaklqana
Kikubaaqudgha
Makhleb
Nemelex Xobeh
Okawaru
Uskayaw
Vehumet
Wu Jian
Xom
Zin

Shops:
D:5 ?   D:6 *


Message History

Vehumet accepts your kill.
The iceblast engulfs the death yak!
The death yak is moderately wounded.
The iceblast engulfs the death yak!
The death yak is moderately wounded.
The death yak explodes!
The fiery explosion engulfs the death yak!!
The death yak is almost dead.
The fiery explosion engulfs the death yak!!
The death yak is severely wounded.
The death yak is engulfed in blazing flames.
You kill the death yak!
Vehumet accepts your kill.
The death yak is engulfed in blazing flames.
Your Shields skill increases to level 4!
You feel ready to blink again.
The death yak is engulfed in blazing flames.
Aiming: Iceblast
Press: ? - help, Shift-Dir - straight line, f - death yak
Aim: a death yak (lightly wounded)
The mass of ice explodes!
The iceblast engulfs the death yak!
The death yak is moderately wounded.
The iceblast engulfs the death yak!
You kill the death yak!
Vehumet accepts your kill.
You feel your power returning.
Your Shields skill increases to level 5!
You regained 5 mp, and now have 6/30 mp.
Okay, then.
As you read the scroll of teleportation, it crumbles to dust.
You feel strangely unstable.
A basilisk comes into view.
The water moccasin barely misses you.
The basilisk hisses angrily.
The water moccasin bites you!
* * * LOW HITPOINT WARNING * * *
You take 8 damage, and have 11/68 hp.
The death yak attacks as it pursues you!
The death yak gores you!!
You die...

#.###..P# ....# ........# #....P
## ........# ##l..# #######.
........#########....#####..#....
......#..#.##.##P....##..........
......#.#...........P............
......#.§§§......................
.....##.§§§....YS................
##...##.§§.#####@................
##..##P..## ##...........†...#
#####..## #.........#....## #.##
#......##.....## ###
##....###P..#### #.....##.....#
#.....##....#### .....##...###
.........##


You could see a death yak, a basilisk and a water moccasin.

Vanquished Creatures
  Harold (D:11)
  3 two-headed ogres
  A boulder beetle (Lair:1)
  4 death yaks (Lair:2)
  Lodul (D:10)
  An elephant (D:10)
  A black mamba (Lair:2)
  A gargoyle (D:11)
  Maggie (D:8)
  A kobold demonologist (D:10)
  2 cane toads
  2 komodo dragons
  A polar bear (Lair:2)
  2 trolls (D:10)
  7 blink frogs (Lair:1)
  Eustachio (D:6)
  A wraith (D:9)
  3 wyverns
  A basilisk (D:10)
  16 yaks
  3 steam dragons
  5 water moccasins
  Duvessa (D:5)
  3 orc warriors
  A sky beast (D:7)
  4 black bears
  11 ogres
  5 centaurs
  4 phantoms
  4 kobold brigands
  6 bullfrogs
  5 gnoll sergeants
  11 wights (D:6)
  Dowan (D:5)
  6 killer bees (D:10)
  4 howler monkeys (D:9)
  2 hounds (D:5)
  3 orc priests
  5 bombardier beetles
  2 jellies
  2 sleepcaps
  5 iguanas
  Natasha (D:2)
  3 orc wizards
  Robin (D:3)
  18 gnolls
  6 adders
  2 white imps
  2 ufetubi (D:6)
  A ribbon worm (D:3)
  5 dart slugs
  39 orcs
  4 ball pythons
  4 endoplasms
  3 giant cockroaches
  11 goblins
  9 hobgoblins
  4 jackals (D:3)
  2 quokkas
  11 bats
  7 frilled lizards
  10 kobolds
  6 rats
293 creatures vanquished.

Vanquished Creatures (collateral kills)
  A bullfrog (D:8)
  A bombardier beetle (D:5)
  An orc (D:3)
  2 goblins (D:3)
  2 hobgoblins
  A frilled lizard (D:3)
8 creatures vanquished.

Grand Total: 301 creatures vanquished

Notes
Turn   | Place    | Note
-------+----------+-------------------------------------------
     0 | D:1      | jasper the Deep Elf Hedge Wizard began the quest for the
                  | Orb.
     0 | D:1      | Reached XP level 1. HP: 10/10 MP: 7/7
   407 | D:1      | Reached XP level 2. HP: 15/15 MP: 5/9
   410 | D:1      | Learned a level 2 spell: Blink
   413 | D:1      | Learned a level 2 spell: Call Imp
   416 | D:1      | Learned a level 2 spell: Cigotuvi's Dreadful Rot
  1115 | D:1      | Reached XP level 3. HP: 19/19 MP: 4/11
  1119 | D:1      | Learned a level 3 spell: Mephitic Cloud
  1912 | D:2      | Identified the +0 robe of Bocianid {^Drain Int+3 Archmagi}
  2009 | D:2      | Noticed Natasha
  2869 | D:3      | Reached skill level 5 in Spellcasting
  2869 | D:3      | Reached skill level 1 in Air Magic
  2869 | D:3      | Reached skill level 1 in Alchemy
  2869 | D:3      | Reached XP level 4. HP: 8/24 MP: 2/13
  2997 | D:3      | Noticed Robin
  3021 | D:3      | Killed Robin
  3217 | D:3      | Reached XP level 5. HP: 28/28 MP: 10/14
  3284 | D:3      | Noticed a black bear
  3297 | D:3      | Found a blossoming altar of Fedhas.
  3305 | D:3      | Killed a black bear
  3306 | D:3      | Reached skill level 1 in Fighting
  3437 | D:3      | Reached XP level 6. HP: 11/34 MP: 7/15
  3898 | D:3      | Found an iron altar of Okawaru.
  4168 | D:4      | Learned a level 3 spell: Inner Flame
  4336 | D:4      | Found a shimmering altar of Xom.
  4337 | D:4      | Found a hazy altar of Hepliaklqana.
  4337 | D:4      | Noticed a will-o-the-wisp
  4338 | D:4      | Noticed a spectral ugly thing
  4338 | D:4      | Noticed a will-o-the-wisp
  4708 | D:4      | Found a radiant altar of Vehumet.
  4730 | D:4      | Became a worshipper of Vehumet
  5186 | D:4      | Found a staircase to the Ecumenical Temple.
  5271 | D:4      | Identified a scroll of acquirement
  5271 | D:4      | Acquired 687 gold pieces
  5325 | D:5      | Entered Level 5 of the Dungeon
  5345 | D:5      | Reached skill level 5 in Dodging
  5448 | D:5      | Reached XP level 7. HP: 41/41 MP: 9/16
  5507 | D:5      | Found a snail-covered altar of Cheibriados.
  5661 | D:5      | Found Cocatioq's Magic Scroll Emporium.
  5689 | D:5      | Bought a scroll of teleportation for 39 gold pieces
  5689 | D:5      | Bought a scroll of immolation for 52 gold pieces
  5794 | D:5      | Reached skill level 5 in Fighting
  6060 | D:5      | Reached skill level 1 in Fire Magic
  6371 | D:5      | Noticed Duvessa
  6373 | D:5      | Noticed Dowan
  6396 | D:5      | Killed Dowan
  6404 | D:5      | Killed Duvessa
  6405 | D:5      | Reached XP level 8. HP: 49/49 MP: 1/18
  6419 | D:5      | Learned a level 4 spell: Flame Wave
  6590 | D:5      | Found a glowing silver altar of Zin.
  6708 | D:5      | Reached * piety under Vehumet
  6708 | D:5      | Offered knowledge of Kiss of Death by Vehumet.
  7384 | D:6      | Noticed Eustachio
  7401 | D:6      | Killed Eustachio
  7424 | D:6      | Reached skill level 5 in Conjurations
  7447 | D:6      | Reached XP level 9. HP: 19/54 MP: 8/23
  7473 | D:6      | Learned a level 4 spell: Ignite Poison
  7763 | D:6      | Found Xeuge's CLEARANCE SALE!.
  7770 | D:6      | Bought a potion of haste for 60 gold pieces
  7902 | D:6      | Learned a level 4 spell: Sticky Flame
  8299 | D:7      | Reached ** piety under Vehumet
  8301 | D:7      | Offered knowledge of Mercury Vapours by Vehumet.
  8441 | D:7      | Found an ancient bone altar of Kikubaaqudgha.
  8455 | D:7      | Reached skill level 5 in Fire Magic
  8948 | D:8      | Reached skill level 10 in Spellcasting
  9384 | D:8      | Noticed Maggie
  9422 | D:8      | Killed Maggie
  9424 | D:8      | Noticed a two-headed ogre
  9441 | D:8      | Killed a two-headed ogre
  9442 | D:8      | Reached XP level 10. HP: 59/59 MP: 2/27
  9786 | D:8      | Offered knowledge of Stone Arrow by Vehumet.
  9806 | D:8      | Learned a level 3 spell: Stone Arrow
 10160 | D:9      | Reached skill level 1 in Evocations
 10316 | D:2      | Killed Natasha
 10622 | D:9      | Found an ornate altar of the Wu Jian Council.
 10724 | D:9      | Noticed a two-headed ogre
 10724 | D:9      | Noticed a two-headed ogre
 10734 | D:9      | Killed a two-headed ogre
 10735 | D:9      | Reached skill level 5 in Evocations
 10735 | D:9      | Killed a two-headed ogre
 10908 | D:9      | Found a burning altar of Makhleb.
 11086 | D:9      | Reached skill level 5 in Staves
 11153 | D:9      | Found a broken altar of Ashenzari.
 11156 | D:9      | Found a hide-covered altar of Uskayaw.
 11223 | D:10     | Entered Level 10 of the Dungeon
 11407 | D:10     | Reached *** piety under Vehumet
 11434 | D:10     | Found a sparkling altar of Nemelex Xobeh.
 11621 | D:10     | Noticed Lodul
 11622 | D:10     | Reached XP level 11. HP: 63/63 MP: 26/29
 11630 | D:10     | Killed Lodul
 11739 | D:10     | Offered knowledge of Hailstorm by Vehumet.
 12009 | D:10     | Found a staircase to the Lair.
 12134 | D:10     | Found a staircase to the Orcish Mines.
 12580 | D:11     | Reached **** piety under Vehumet
 12987 | D:11     | Noticed Harold
 12993 | D:11     | Noticed a boulder beetle
 12996 | D:11     | Killed Harold
 12997 | D:11     | Reached skill level 10 in Staves
 13107 | D:10     | Offered knowledge of Brom's Barrelling Boulder by Vehumet.
 13174 | Lair:1   | Entered Level 1 of the Lair of Beasts
 14032 | Lair:1   | Noticed a boulder beetle
 14059 | Lair:1   | Killed a boulder beetle
 14060 | Lair:1   | Reached XP level 12. HP: 30/68 MP: 7/30
 14964 | Lair:2   | Reached skill level 1 in Shields
 15353 | Lair:2   | Noticed a death yak
 15355 | Lair:2   | Noticed a death yak
 15366 | Lair:2   | Noticed a death yak
 15368 | Lair:2   | Killed a death yak
 15368 | Lair:2   | Noticed a death yak
 15371 | Lair:2   | Noticed a death yak
 15389 | Lair:2   | Killed a death yak
 15389 | Lair:2   | Killed a death yak
 15391 | Lair:2   | Killed a death yak
 15392 | Lair:2   | Reached skill level 5 in Shields
 15394 | Lair:2   | Mangled by a death yak

Illustrated notes

Levels and vault maps discovered:
D:1:      sevenhm_arrival_forest_fort_small_5, layout_basic
D:2:      layout_rooms, minmay_misc_feat_ornament, uniq_natasha
D:3:      layout_loops_ring, mainiacjoe_overflow_24_doors,
          mainiacjoe_overflow_chevrons, uniq_robin
D:4:      layout_loops_cross, lemuel_doored_altar,
          regret_index_temple_of_mockery, minmay_temple_entry_poolview
D:5:      nicolae_BIG_FREAKIN_CUBE, layout_loops_ring,
          mainiacjoe_overflow_surrounded_room, kennysheep_mini_moat,
          serial_rivers, chequers_serial_rivers_marsh,
          chequers_serial_rivers_small_b, chequers_serial_rivers_micro_b,
          chequers_serial_rivers_micro_a, serial_shops, shop,
          blue_anna_alchemist, grunt_ministairs_9, uniq_duvessa
D:6:      layout_basic, nicolae_shop_clearance, uniq_eustachio
D:7:      layout_gridville, lemuel_crystal_altar, roderic_batcave
D:8:      layout_rooms, uniq_maggie
D:9:      layout_cave_pools, kennysheep_mini, nicolae_overflow_crystal_walls,
          jmf_multi_god_temple2
D:10:     layout_irregular_city, mainiacjoe_overflow_catwalk,
          david_lair_generic, kennysheep_orc_monster_closet_entryway, uniq_lodul
D:11:     layout_basic, uniq_harold
Lair:1:   layout_layer_cave, amcnicky_mini_pool_medium, lemuel_fruit_tree
Lair:2:   layout_cave_pods, minmay_shoals_entry_lonely_mermaid,
          nicolae_snake_entry_squirm, st_stairs_6, beast_lair_carwin_6,
          serial_bayou_shore_a

Skill      XL: |  1  2  3  4  5  6  7  8  9 10 11 12 |
---------------+-------------------------------------+-----
Translocations | 2 |  2.0
Conjurations   | 2 3 5 7 8 |  8.0
Summonings     | 2 |  2.0
Spellcasting   | 5 8 11 12 | 12.0
Air Magic      | 1 2 |  2.0
Alchemy        | 1 2 |  2.0
Fighting       | 1 3 5 |  5.0
Dodging        | 3 5 |  5.0
Fire Magic     | 1 4 6 |  6.8
Evocations     | 5 |  5.0
Staves         | 5 11 12 | 12.0
Shields        | 5 |  5.0
Stealth        | |  2.4

Action                     |  1- 3 |  4- 6 |  7- 9 | 10-12 || total
---------------------------+-------+-------+-------+-------++-------
  Melee: Dagger            |     2 |     9 |    27 |     8 ||    46
         Staff             |       |       |       |    27 ||    27
  Throw: Javelin           |       |       |     8 |       ||     8
   Cast: Magic Dart        |   102 |   127 |   149 |    12 ||   390
         Call Imp          |     4 |     6 |     4 |     1 ||    15
         Mephitic Cloud    |     3 |     3 |    14 |    18 ||    38
         Cigotuvi's Dreadf |       |     2 |       |       ||     2
         Blink             |       |     1 |       |     2 ||     3
         Inner Flame       |       |       |    10 |     5 ||    15
         Flame Wave        |       |       |    26 |     9 ||    35
         Ignite Poison     |       |       |     6 |    11 ||    17
         Stone Arrow       |       |       |       |   159 ||   159
  Evoke: Wand              |       |       |     4 |     5 ||     9
    Use: Scroll            |     3 |     7 |     1 |     9 ||    20
         Potion            |       |       |     1 |       ||     1
   Stab: Confused          |       |       |     1 |     6 ||     7
 Armour: Robe              |    13 |    20 |    52 |    54 ||   139
  Dodge: Dodged            |    11 |    18 |    75 |    68 ||   172
  Block: Kite shield       |       |       |       |     1 ||     1

Table legend: (Time is in decaauts)
 A = Elapsed time spent in this place.
 B = Non-inter-level travel time spent in this place.
 C = Inter-level travel time spent in this place.
 D = Time resting spent in this place.
 E = Time spent auto-exploring this place.
 F = Levels seen in this place.
 G = Mean time per level.
                   A        B        C        D        E       F      G
               +--------+--------+--------+--------+--------+-----+--------+
         Total |  15401 |  14776 |    625 |   1353 |  11469 |  13 | 1184.7 |
       Dungeon |  13181 |  12596 |    585 |   1243 |   9595 |  11 | 1198.3 |
          Lair |   2220 |   2181 |     39 |    110 |   1874 |   2 | 1110.0 |
               +--------+--------+--------+--------+--------+-----+--------+

Top non-repeatable levels by time:
     D:1: 1910 daAuts
  Lair:1: 1766 daAuts
     D:5: 1687 daAuts
     D:3: 1530 daAuts
    D:10: 1509 daAuts
     D:6: 1326 daAuts
     D:4: 1198 daAuts
     D:8: 1060 daAuts
     D:7: 864 daAuts
     D:2: 834 daAuts
     D:9: 822 daAuts
  Lair:2: 454 daAuts
    D:11: 435 daAuts
